 Dungeon Crawl Stone Soup version 0.27-a0-67-g4bfc8a49e1 (webtiles) character file.

Game seed: 9317771526159051409

275 Borgoz the Ruffian (level 6, 0/51 HPs)
             Began as a Ghoul Gladiator on Jan 9, 2021.
             Slain by an orc priest
             ... wielding a +0 hand axe
              (7 damage)
             ... on level 4 of the Dungeon.
             The game lasted 00:03:17 (2582 turns).

Borgoz the Ruffian (Ghoul Gladiator)                Turns: 2582, Time: 00:03:18

Health: 0/51       AC: 10    Str: 18    XL:     6   Next: 24%
Magic:  5/5        EV: 13    Int:  4    God:
Gold:   199        SH:  0    Dex: 11    Spells: 5/5 levels left

rFire    + . .     SeeInvis .     - Unarmed
rCold    + . .     Faith    .   (no shield)
rNeg     + + +     Spirit   .   a - +0 leather armour
rPois    ∞         Reflect  .   q - +2 helmet
rElec    .         Harm     .   (no cloak)
rCorr    .         Rampage  .   (no gloves)
Will     .....                  (no boots)
Stlth    +.........             (no amulet)
HPRegen  0.00/turn              r - ring of protection from fire
MPRegen  0.09/turn              h - +4 ring of protection

@: no status effects
A: claws 1, cold resistance 1, negative energy resistance 3, inhibited
regeneration, torment resistance, unbreathing
a: no special abilities


You were on level 4 of the Dungeon.
You visited 1 branch of the dungeon, and saw 4 of its levels.

You collected 199 gold pieces.

Inventory:

Missiles
 c - a throwing net (quivered)
Armour
 a - a +0 leather armour (worn)
 q - a +2 helmet (worn)
Jewellery
 h - a +4 ring of protection (right claw)
 o - an uncursed ring of ice
 r - a ring of protection from fire (left claw)
Scrolls
 b - a scroll of fog {unknown}
 d - a scroll of fear
 e - 2 scrolls of amnesia
 g - 2 scrolls of teleportation
 i - a scroll of magic mapping
 k - a scroll of enchant armour
 m - 4 scrolls of remove curse
 n - 2 scrolls of noise {unknown}
Potions
 f - a potion of cancellation {unknown}
 j - a potion of ambrosia
 l - a potion of resistance
 p - a potion of mutation {unknown}
 s - 2 potions of curing
 t - a potion of berserk rage {unknown}


   Skills:
 + Level 3.5 Fighting
 - Level 1.7 Throwing
 * Level 4.4 Dodging
 * Level 5.3 Unarmed Combat


You had 5 spell levels left.
You didn't know any spells.
Your spell library was empty.

Dungeon Overview and Level Annotations

Branches:
Dungeon (4/15)
 Temple: D:4-7

Altars:


Innate Abilities, Weirdness & Mutations

You thrive by killing the living.
You are immune to poison.
You have sharp fingernails.
Your flesh is cold resistant. (rC+)
You are immune to negative energy. (rN+++)
You do not regenerate when monsters are visible.
You are immune to unholy pain and torment.
You can survive without breathing.


Message History

You barely miss the scorpion. The orc misses you.
The orc priest mumbles some strange prayers to Beogh against you.
Beogh smites you!
* * * LOW HITPOINT WARNING * * *
The scorpion stings you but does no damage.
You claw the orc!
You kill the orc!
You feel better.
You closely miss the scorpion. The scorpion stings you.
* * * LOW HITPOINT WARNING * * *
You barely miss the scorpion.
You hear some strange, mumbled words.
You scratch the scorpion.
The scorpion is moderately wounded.
The scorpion closely misses you.
You claw the orc!
You kill the orc!
The scorpion closely misses you.
The orc priest hits you with a +0 hand axe!
You die...

...#.##. .......
###......
.....#.# ......#
#..#.# #
##..#.#### ...
#....@olZ#....
.....#s####......
##. #...{oo.....
#..####)......
##. ##..... ##
.... ... .. .


You could see a scorpion, an orc priest, a frilled lizard and a hound skeleton.

Vanquished Creatures
  An ogre (D:4)
  An orc priest (D:3)
  An orc wizard (D:4)
  A howler monkey skeleton (D:2)
  4 adders
  2 worms (D:2)
  A dart slug (D:2)
  4 leopard geckos
  10 orcs
  6 bats
  6 giant cockroaches
  5 goblins
  5 hobgoblins
  A jackal (D:1)
  2 quokkas (D:3)
  2 ball pythons
  7 frilled lizards
  7 kobolds
  7 rats
73 creatures vanquished.

Notes
Turn   | Place    | Note
-------+----------+-------------------------------------------
     0 | D:1      | Borgoz the Ghoul Gladiator began the quest for the Orb.
     0 | D:1      | Reached XP level 1. HP: 17/17 MP: 0/0
   249 | D:1      | Reached XP level 2. HP: 25/25 MP: 1/1
   931 | D:2      | Reached XP level 3. HP: 25/30 MP: 2/2
   987 | D:2      | Reached skill level 4 in Unarmed Combat
  1167 | D:2      | Reached XP level 4. HP: 36/37 MP: 3/3
  2090 | D:3      | Reached XP level 5. HP: 42/45 MP: 4/4
  2419 | D:3      | Found a faded altar of an unknown god.
  2549 | D:4      | Noticed an ogre
  2556 | D:4      | Reached skill level 5 in Unarmed Combat
  2570 | D:4      | Killed an ogre
  2571 | D:4      | Reached XP level 6. HP: 20/51 MP: 5/5
  2582 | D:4      | Slain by an orc priest

Illustrated notes

Levels and vault maps discovered:
D:1:      dpeg_arrival_castle, layout_loops_corners, minmay_cupped
D:2:      layout_rooms
D:3:      layout_basic, chequers_ecumenical_altar_lobes, minmay_pentangle
D:4:      layout_rooms, pdpol_wu_jian_five_deadly_venoms,
          minmay_temple_entry_nine_rooms, uniq_menkaure,
          uniq_crazy_yiuf_cottage, uniq_ijyb

Skill      XL: |  1  2  3  4  5 |
---------------+----------------+-----
Dodging        | 3 4 |  4.4
Unarmed Combat | 4 5 |  5.3
Fighting       | 3 |  3.5
Throwing       | |  1.7

Action                   |  1- 3 |  4- 6 || total
-------------------------+-------+-------++-------
Melee: Unarmed           |   107 |   161 ||   268
       Punch             |     1 |     2 ||     3
Throw: Throwing net      |       |     2 ||     2
  Use: Scroll            |       |     9 ||     9
       Potion            |       |     1 ||     1
Armor: Leather armour    |    37 |    52 ||    89
Dodge: Dodged            |    74 |   133 ||   207

Table legend: (Time is in decaauts)
 A = Elapsed time spent in this place.
 B = Non-inter-level travel time spent in this place.
 C = Inter-level travel time spent in this place.
 D = Time resting spent in this place.
 E = Time spent auto-exploring this place.
 F = Levels seen in this place.
 G = Mean time per level.
                   A        B        C        D        E       F      G
               +--------+--------+--------+--------+--------+-----+--------+
         Total |   2563 |   2471 |     92 |    454 |   1523 |   4 |  640.8 |
       Dungeon |   2563 |   2471 |     92 |    454 |   1523 |   4 |  640.8 |
               +--------+--------+--------+--------+--------+-----+--------+

Top non-repeatable levels by time:
     D:1: 911 daAuts
     D:3: 850 daAuts
     D:2: 764 daAuts
     D:4: 38 daAuts
